 Dungeon Crawl Stone Soup version 0.30.0-18-gc0e69614cb (webtiles) character file.

Game seed: 17800923573666927913

6602 buriedalive the Nimble (level 10, -2/61 HPs)
             Began as a Deep Elf Ice Elementalist on May 24, 2023.
             Was a Follower of Ashenzari.
             Slain by a two-headed ogre
             ... wielding a +0 giant club
              (22 damage)
             ... on level 10 of the Dungeon.
             The game lasted 00:24:15 (10302 turns).

buriedalive the Nimble (Deep Elf Ice Elementalist) Turns: 10302, Time: 00:24:15

Health: -2/61      AC: 11    Str:  5    XL:     10   Next: 71%
Magic:  8/20       EV: 18    Int: 25    God:    Ashenzari [*.....]
Gold:   999        SH:  0    Dex: 15    Spells: 9/20 levels left

rFire   . . .        p - +4 long sword (freeze)
rCold   . . .        (no shield)
rNeg    . . .        a - +0 robe
rPois   .            v - +0 helmet of Ashenzari's Mistrust {Comp, Bglg} (curse)
rElec   .            j - +0 cloak
rCorr   +            q - +2 pair of gloves "Gaze Upon Infinity" {Alch, Fort} (curse)
SInv    .            (no boots)
Will    +....        (no amulet)
Stlth   ++           h - +4 ring of protection
HPRegen 0.30/turn    l - ring of resist corrosion
MPRegen 0.17/turn

%: no passive effects
@: freezing walls, very slightly contaminated
A: no striking features
a: Renounce Religion, Curse Item, Shatter the Chains


You were on level 10 of the Dungeon.
You worshipped Ashenzari.
Ashenzari was aware of your devotion.
You visited 1 branch of the dungeon, and saw 10 of its levels.

You collected 999 gold pieces.

Inventory:

Hand Weapons
 c - a +0 dagger
 i - a +1 whip of venom
 k - a +1 dagger of electrocution
 p - a +4 long sword of freezing (weapon)
 B - a +6 scimitar
Missiles
 f - 19 poisoned darts
 g - 85 stones
 y - a throwing net
 O - 4 curare-tipped darts
Armour
 a - a +0 robe (worn)
 j - a +0 cloak (worn)
 q - the cursed +2 pair of gloves "Gaze Upon Infinity" (worn) {Alch, Fort}
   (You found it on level 2 of the Dungeon)

   It has a curse which improves the following skills: Alchemy: Poison Magic and
   Transmutations.
   Fortitude: Armour and Shields.
 v - the cursed +0 helmet of Ashenzari's Mistrust (worn) {Comp, Bglg}
   (You took it off Robin on level 3 of the Dungeon)

   It has a curse which improves the following skills: Companions: Summonings
   and Necromancy.
   Beguiling: Conjurations, Hexes and Translocations.
Magical Staves
 e - a staff of conjuration
 G - a staff of air
 L - a staff of cold
Jewellery
 h - a +4 ring of protection (left hand)
 l - a ring of resist corrosion (right hand)
 n - a ring of willpower
 s - a +5 ring of evasion
 F - a ring of fire
 H - a +6 ring of intelligence
 I - a ring of see invisible
 N - a +6 ring of dexterity
Wands
 m - a wand of digging (9)
 r - a wand of mindburst (26)
 u - a wand of iceblast (8)
Scrolls
 t - 5 scrolls of immolation
 A - 4 scrolls of teleportation
 C - 2 scrolls of magic mapping
 M - a scroll of blinking
 P - a scroll of amnesia
Potions
 b - a potion of magic
 d - 5 potions of brilliance
 o - 6 potions of lignification
 w - a potion of attraction
 x - a potion of mutation
 z - 2 potions of resistance
 D - a potion of might
 E - a potion of invisibility
 J - a potion of heal wounds
 K - 2 potions of flight


   Skills:
 + Level 6.4 Fighting
 - Level 12.0 Dodging
 - Level 2.4 Stealth
 - Level 5.5 Spellcasting
 - Level 6.2(7.0) Summonings
 - Level 10.0 Ice Magic


You had 9 spell levels left.
You knew the following spells:

 Your Spells              Type           Power      Damage    Failure   Level
a - Freeze                Ice            100%       1d10      1%          1
b - Ozocubu's Armour      Ice            54%        N/A       1%          3
c - Frozen Ramparts       Ice            100%       1d16      1%          3
d - Summon Ice Beast      Ice/Summ       49%        N/A       2%          4

Your spell library contained the following spells:

 Spells                   Type           Power      Damage    Failure   Level
 Summon Small Mammal      Summ           100%       N/A       1%          1
 Ensorcelled Hibernation  Hex/Ice        64%        N/A       1%          2
 Spider Form              Tmut/Pois      7%         N/A       22%         3
 Vhi's Electric Charge    Tloc/Air       14%        N/A       24%         3
 Freezing Cloud           Conj/Ice/Air   11%        6-21      50%         5
 Anguish                  Hex/Necr       3%         N/A       58%         4
 Iskenderun's Mystic Bla  Conj/Tloc      7%         2d4       58%         4
 Arcjolt                  Conj/Air       3%         1d13      91%         5
 Monstrous Menagerie      Summ           20%        N/A       98%         7
 Maxwell's Capacitive Co  Air            3%         ∞         100%        8


Dungeon Overview and Level Annotations

Branches:
Dungeon (10/15)            Temple (0/1) D:6
   Lair: D:8-11         Orc: D:9-12

Altars:
Ashenzari
Dithmenos
Elyvilon
Kikubaaqudgha
Ru
The Shining One

Shops:
D:7 :

Annotations:
D:4 3 runed translucent doors, SecretSquirrel's ghost, amateur SpHu


Message History

The walls around you are covered in ice.
The wall freezes the two-headed ogre!
Casting: Frozen Ramparts (safe; 1% risk of failure)
Confirm with . or Enter, or press ? or * to list all spells.
You miscast Ozocubu's Armour.
You are very lightly contaminated with residual magic.
Nothing appears to happen.
The wall freezes the two-headed ogre!
The two-headed ogre hits you with a +0 giant club!!
The two-headed ogre barely misses you.
Casting: Ozocubu's Armour (safe; 1% risk of failure)
Confirm with . or Enter, or press ? or * to list all spells.
Aiming: Freeze (safe; 1% risk of failure)
Press: ? - help, Shift-Dir - straight line, f - two-headed ogre
Aim: a two-headed ogre, wielding two +0 giant clubs (moderately wounded)
You freeze the two-headed ogre.
The two-headed ogre is moderately wounded.
The wall freezes the two-headed ogre.
The two-headed ogre misses you. The two-headed ogre closely misses you.
Casting: Freeze (safe; 1% risk of failure)
Confirm with . or Enter, or press ? or * to list all spells.
A chill wind blows around you.
Casting: Summon Ice Beast (dangerous; 2% risk of failure)
Confirm with . or Enter, or press ? or * to list all spells.
Aiming: Freeze (safe; 1% risk of failure)
Press: ? - help, Shift-Dir - straight line, f/p - two-headed ogre
Aim: a two-headed ogre, wielding two +0 giant clubs (heavily wounded, ally target)
You freeze the two-headed ogre.
The two-headed ogre is heavily wounded.
The wall freezes the two-headed ogre!
The two-headed ogre misses you.
The two-headed ogre hits you with a +0 giant club!
Casting: Freeze (safe; 1% risk of failure)
Confirm with . or Enter, or press ? or * to list all spells.
Aiming: Freeze (safe; 1% risk of failure)
Press: ? - help, Shift-Dir - straight line, f/p - two-headed ogre
Aim: a two-headed ogre, wielding two +0 giant clubs (severely wounded, ally target)
You freeze the two-headed ogre!
The two-headed ogre is almost dead.
The wall freezes the two-headed ogre!
The two-headed ogre closely misses you.
The two-headed ogre hits you with a +0 giant club!!
You die...

###......# #...........####
###).?...###.............P.
))........................P
###......##.........O...P..
#......##.............P.P
#.####.........$...#P....
#.# #.........##### #...
###'####.......YO# ..
.......####.....@######
.......# #.#.........#
.......# #.+.........##
......[# ##.........!#
....?..# #..........#
.......# #...........
.......# ##...........
.......# #.........#..
.......# #.###....?#..


You could see a two-headed ogre (ally target) and a friendly ice beast
(summoned).

Vanquished Creatures
  Sonja (D:10)
  Maggie (D:10)
  A tengu conjurer (D:8)
  3 hornets
  A wyvern (D:8)
  A spriggan (D:8)
  A yak (D:10)
  2 steam dragons (D:7)
  2 sky beasts
  3 black bears
  3 orc warriors
  7 ogres
  3 centaurs
  2 phantoms
  A kobold brigand (D:8)
  Blork the orc (D:5)
  2 gnoll sergeants
  4 bullfrogs
  5 wights
  6 killer bees (D:8)
  A howler monkey (D:10)
  3 jellies
  4 hounds
  2 orc priests (D:5)
  3 sleepcaps
  7 iguanas
  Robin (D:3)
  6 adders
  7 gnolls
  2 shadow imps (D:8)
  A white imp (D:3)
  4 ufetubi
  14 orcs
  6 ball pythons
  A bat zombie (D:8)
  4 endoplasms
  3 giant cockroaches
  19 goblins
  11 hobgoblins
  7 jackals
  12 kobolds
  3 quokkas
  6 bats
  6 frilled lizards
  3 rats
  A rat zombie (D:8)
187 creatures vanquished.

Vanquished Creatures (collateral kills)
  Lodul (D:10)
  An ogre (D:10)
2 creatures vanquished.

Vanquished Creatures (others)
  An orc (D:10)
1 creature vanquished.

Grand Total: 190 creatures vanquished

Notes
Turn   | Place    | Note
-------+----------+-------------------------------------------
     0 | D:1      | buriedalive the Deep Elf Ice Elementalist began the quest
                  | for the Orb.
     0 | D:1      | Reached XP level 1. HP: 10/10 MP: 6/6
   183 | D:1      | Reached XP level 2. HP: 15/15 MP: 4/8
   370 | D:1      | Reached skill level 3 in Dodging
   829 | D:1      | Reached XP level 3. HP: 16/19 MP: 10/10
  1490 | D:2      | Learned a level 3 spell: Ozocubu's Armour
  1494 | D:2      | Learned a level 3 spell: Frozen Ramparts
  1502 | D:2      | Reached skill level 5 in Ice Magic
  1530 | D:2      | Found a faded altar of an unknown god.
  1890 | D:2      | Reached XP level 4. HP: 24/24 MP: 12/12
  2487 | D:3      | Noticed Robin
  2503 | D:3      | Killed Robin
  2606 | D:3      | Found a shadowy altar of Dithmenos.
  2628 | D:3      | Reached skill level 4 in Dodging
  2976 | D:4      | Reached XP level 5. HP: 26/28 MP: 11/14
  3312 | D:4      | Found a glowing golden altar of the Shining One.
  3331 | D:4      | Reached skill level 5 in Spellcasting
  3364 | D:4      | Found a runed translucent gate.
  3364 | D:4      | Found a runed translucent gate.
  3364 | D:4      | Found a runed translucent gate.
  3367 | D:4      | Noticed SecretSquirrel's ghost (amateur SpHu)
  3780 | D:4      | Got the Compendium of the United Fifth Circle
  3854 | D:5      | Entered Level 5 of the Dungeon
  3859 | D:5      | Reached XP level 6. HP: 32/32 MP: 11/16
  3895 | D:5      | Learned a level 4 spell: Summon Ice Beast
  3987 | D:5      | Reached skill level 5 in Dodging
  4132 | D:5      | Found a broken altar of Ashenzari.
  4158 | D:5      | Reached skill level 6 in Dodging
  4158 | D:5      | Reached XP level 7. HP: 21/36 MP: 11/17
  4220 | D:5      | Became a worshipper of Ashenzari the Shackled
  4223 | D:5      | Found a white marble altar of Elyvilon.
  4285 | D:5      | Noticed Blork the orc
  4294 | D:5      | Killed Blork the orc
  4559 | D:5      | Reached skill level 7 in Dodging
  5145 | D:5      | Reached XP level 8. HP: 33/41 MP: 12/18
  5213 | D:5      | Reached skill level 1 in Summonings
  5493 | D:6      | Found a sacrificial altar of Ru.
  5849 | D:6      | Reached skill level 8 in Dodging
  6329 | D:6      | Found a staircase to the Ecumenical Temple.
  6685 | D:7      | Found Gemuh's Book Shoppe.
  6762 | D:7      | Reached * piety under Ashenzari
  7191 | D:7      | Reached skill level 9 in Dodging
  7288 | D:7      | Noticed a hornet
  7298 | D:7      | Killed a hornet
  7299 | D:7      | Reached XP level 9. HP: 45/45 MP: 13/19
  7627 | D:8      | Reached skill level 5 in Summonings
  7963 | D:8      | Reached skill level 10 in Dodging
  7963 | D:8      | Reached skill level 10 in Ice Magic
  8124 | D:8      | Reached skill level 1 in Fighting
  8253 | D:8      | Noticed a tengu conjurer
  8260 | D:8      | Killed a tengu conjurer
  8419 | D:8      | Paralysed by a hornet for 2 turns
  8424 | D:8      | Reached skill level 11 in Dodging
  8424 | D:8      | Reached XP level 10. HP: 26/55 MP: 12/20
  8671 | D:8      | Found an ancient bone altar of Kikubaaqudgha.
  9359 | D:10     | Entered Level 10 of the Dungeon
  9397 | D:10     | Noticed Maggie
  9418 | D:10     | Killed Maggie
  9619 | D:10     | Noticed Sonja
  9630 | D:10     | Noticed Lodul
  9647 | D:10     | Killed Sonja
  9650 | D:10     | Reached skill level 12 in Dodging
  9665 | D:10     | Reached skill level 5 in Fighting
  9915 | D:10     | Killed Lodul
 10289 | D:10     | Noticed a two-headed ogre
 10302 | D:10     | Slain by a two-headed ogre

Illustrated notes

Levels and vault maps discovered:
D:1:      minmay_arrival_semitransparent, layout_loops_corners, serial_forest,
          infiniplex_forest_lined_room_2, infiniplex_forest_lined_room_2,
          infiniplex_forest_end_2, infiniplex_forest_lined_2,
          hangedman_abyss_or_decor_stabs, minmay_quantized
D:2:      layout_loops_ring, shapermc_ecumenical_altar_mp_vishouse,
          skrybe_limestone_x, chequers_big_river
D:3:      layout_loops_ring, nicolae_dithmenos_through_a_glass_darkly,
          uniq_robin
D:4:      layout_rooms, tso_metal_star, biasface_ghost_orc_armoury,
          grunt_decor_clamped
D:5:      layout_loops_ring, mainiacjoe_overflow_large_starburst,
          uniq_blork_the_orc
D:6:      layout_basic, kennysheep_mini_moat,
          minmay_temple_entry_enclosed_plants, glass_columns_b,
          grunt_decor_mini_mirrors
D:7:      layout_loops_ring, serial_shops, shop_coins
D:8:      kennysheep_blocky_room, layout_basic,
          lemuel_zombie_altar_kikubaaqudgha, nrook_campfire, the_hattery
D:9:      layout_roguey, slow_altar_1, orc_0_dummy, serial_rivers,
          chequers_serial_rivers_small_b, chequers_serial_rivers_small_b,
          chequers_serial_rivers_large_a, chequers_serial_rivers_micro_d,
          grunt_decor_one_mirror, serial_bayou_lagoon_b, uniq_grum
D:10:     layout_basic, grunt_lair_entry_orc_guard_hut, uniq_lodul, uniq_maggie,
          uniq_sonja

Skill      XL: |  1  2  3  4  5  6  7  8  9 10 |
---------------+-------------------------------+-----
Dodging        | 3 4 6 7 9 11 12 | 12.0
Spellcasting   | 4 5 |  5.5
Ice Magic      | 5 6 7 9 10 | 10.0
Summonings     | 4 6 |  6.2
Fighting       | 2 6 |  6.4
Stealth        | |  2.4

Action                     |  1- 3 |  4- 6 |  7- 9 | 10-12 || total
---------------------------+-------+-------+-------+-------++-------
  Melee: Dagger            |     8 |       |       |       ||     8
         Whip              |    71 |   118 |    50 |       ||   239
         Punch             |     1 |     1 |     6 |       ||     8
         Long sword        |       |       |   107 |    23 ||   130
   Cast: Freeze            |    22 |    21 |    11 |    16 ||    70
         Frozen Ramparts   |       |     8 |    32 |    12 ||    52
         Ozocubu's Armour  |       |     1 |    24 |     3 ||    28
         Summon Ice Beast  |       |       |       |     4 ||     4
 Invoke: Curse Item        |       |       |     2 |       ||     2
    Use: Scroll            |       |     8 |     7 |     2 ||    17
         Potion            |       |     1 |     3 |     1 ||     5
   Stab: Sleeping          |     5 |     8 |     3 |       ||    16
         Distracted        |     1 |       |       |       ||     1
 Armour: Robe              |    29 |    68 |    86 |    18 ||   201
  Dodge: Dodged            |    98 |   112 |   195 |    68 ||   473
